 Dungeon Crawl Stone Soup version 0.23.0-3-gf3c87f2 (webtiles) character file.

Game seed: 4726686428914589820

1907 xccam the Knight (level 8, -3/59 HPs)
             Began as a Pale Draconian Transmuter on Feb 22, 2019.
             Was a Priest of Okawaru.
             Slain by an iguana (11 damage)
             ... on level 6 of the Dungeon.
             The game lasted 00:12:52 (6219 turns).

xccam the Knight (Pale Draconian Transmuter)        Turns: 6219, Time: 00:12:53

Health: -3/59      AC:  6    Str: 14    XL:     8   Next: 94%
Magic:  13/13      EV: 14    Int: 14    God:    Okawaru [***...]
Gold:   86         SH:  0    Dex: 12    Spells: 8/11 levels left

rFire    . . .     SeeInvis .     - Unarmed
rCold    . . .     Gourm    .   (no shield)
rNeg     . . .     Faith    .   (armour unavailable)
rPois    +         Spirit   .   (helmet restricted)
rElec    .         Reflect  .   (no cloak)
rCorr    .         Harm     .   (no gloves)
MR       .....                  (no boots)
Stlth    ++........             (no amulet)
HPRegen  0.19/turn              x - ring of poison resistance
MPRegen  0.13/turn              w - ring of stealth

@: no status effects
A: breathe steam, unfitting armour, cold-blooded, AC +6
a: Breathe Steam, Heroism, Renounce Religion


You were on level 6 of the Dungeon.
You worshipped Okawaru.
Okawaru was most pleased with you.
You were not hungry.

You visited 1 branch of the dungeon, and saw 6 of its levels.

You collected 366 gold pieces.
You spent 280 gold pieces at shops.

Inventory:

Missiles
 a - 89 arrows
Armour
 m - a +0 buckler
Jewellery
 l - an uncursed ring of flight
 w - a ring of stealth (right hand)
 x - a ring of poison resistance (left hand)
Scrolls
 b - a scroll of enchant armour
 d - 3 scrolls of teleportation
 e - 3 scrolls of blinking
 f - a scroll of magic mapping
 h - 2 scrolls of immolation
 k - a scroll of fog {unknown}
 n - 2 scrolls of fear {unknown}
 o - 2 scrolls of remove curse
 v - a scroll of identify
Potions
 g - a potion of lignification
 i - 3 potions of curing
 j - a potion of flight {unknown}
 p - a potion of heal wounds
 q - 2 potions of mutation
 r - 2 potions of degeneration
 s - 2 potions of agility
 t - a potion of brilliance {unknown}
 u - a potion of haste {unknown}
Comestibles
 c - 13 rations
 z - a chunk of flesh


   Skills:
 - Level 1.1 Fighting
 + Level 5.0 Dodging
 + Level 0.0 Shields
 - Level 6.0 Unarmed Combat
 - Level 2.0 Spellcasting
 - Level 6.4 Transmutations
 + Level 6.9 Invocations


You had 8 spell levels left.
You knew the following spells:

 Your Spells              Type           Power        Failure   Level  Hunger
a - Beastly Appendage     Tmut           ###...       1%          1    ##.....
b - Sticks to Snakes      Tmut           ###.....     2%          2    ###....

Your spell library contained the following spells:

 Spells                   Type           Power        Failure   Level  Hunger
 Spider Form              Tmut/Pois      ##........   19%         3    ####...
 Blade Hands              Tmut           ###.......   43%         5    ######.
 Ice Form                 Ice/Tmut       ##......     54%         4    #####..


Dungeon Overview and Level Annotations

Branches:
Dungeon (6/15)
 Temple: D:4-7

Altars:
Dithmenos
Okawaru
Sif Muna
Yredelemnul

Shops:
D:6 =


Innate Abilities, Weirdness & Mutations

You can breathe blasts of scalding, opaque steam.
Your pale cyan-grey scales are hard. (AC +6)
You cannot fit into any form of body armour.
You are cold-blooded and may be slowed by cold attacks.


Message History

You are too injured to fight recklessly!
You barely miss the iguana.
Your tail-slap misses the iguana.
The iguana is severely wounded.
The iguana closely misses you.
You hit the iguana.
The iguana is almost dead.
The iguana bites you!
* * * LOW HITPOINT WARNING * * *
You hit the iguana.
The iguana is almost dead.
The iguana bites you but does no damage.
You closely miss the iguana.
You tail-slap the iguana, but do no damage.
The iguana is almost dead.
The iguana bites you!
* * * LOW HITPOINT WARNING * * *
You hit the iguana but do no damage.
The iguana is almost dead.
The iguana bites you!
You die...

### ....#.# #.. .#. ##....#.# #..
....> ......... #.. #... ........
..+.# +..). #.....#.. ..#.#
###...#### #.....#... .#.#
#........####.....#.... .#..
####............@l..##...# #...
....................##...#####.#.
....................##.......#.#.
........†...........##.......#...
....................##...........
....................####.........
###..........#...###............
##.............###............
#.............##.............


You could see an iguana.

Vanquished Creatures
  A two-headed ogre (D:5)
  A phantom (D:5)
  A sky beast (D:5)
  A centaur (D:5)
  2 big kobolds (D:5)
  2 bullfrogs
  A howler monkey (D:5)
  A bullfrog zombie (D:6)
  A crimson imp (D:5)
  An orc priest (D:4)
  A hound (D:4)
  5 orc wizards
  5 worker ants
  6 adders
  A shadow imp (D:5)
  An ooze (D:2)
  An adder skeleton (D:5)
  A worm (D:5)
  2 dart slugs
  4 leopard geckos
  13 orcs
  9 bats
  5 giant cockroaches
  9 goblins
  13 hobgoblins
  3 jackals
  3 quokkas
  6 frilled lizards
  13 kobolds
  2 leopard gecko skeletons
  A quokka skeleton (D:5)
  2 quokka zombies (D:5)
  5 rats
123 creatures vanquished.

Vanquished Creatures (collateral kills)
  Grinder (D:4)
  A worm (D:2)
  3 orcs (D:4)
  A frilled lizard (D:4)
6 creatures vanquished.

Grand Total: 129 creatures vanquished

Notes
Turn   | Place    | Note
-------+----------+-------------------------------------------
     0 | D:1      | xccam the Draconian Transmuter began the quest for the Orb.
     0 | D:1      | Reached XP level 1. HP: 16/16 MP: 3/3
    78 | D:1      | Reached XP level 2. HP: 18/23 MP: 3/5
   457 | D:1      | Reached XP level 3. HP: 21/28 MP: 6/6
   461 | D:1      | Learned a level 2 spell: Sticks to Snakes
  1497 | D:2      | Reached XP level 4. HP: 35/35 MP: 5/7
  2369 | D:3      | Found a shadowy altar of Dithmenos.
  2389 | D:3      | Found a basalt altar of Yredelemnul.
  2418 | D:3      | Found a deep blue altar of Sif Muna.
  2434 | D:3      | Found an iron altar of Okawaru.
  2439 | D:3      | Became a worshipper of Warmaster Okawaru
  2919 | D:3      | Reached XP level 5. HP: 38/40 MP: 8/8
  3168 | D:4      | Reached skill level 5 in Unarmed Combat
  3168 | D:4      | Reached skill level 1 in Invocations
  3175 | D:4      | HP: 2/40 [orc priest/divine providence (9)]
  3523 | D:4      | Noticed Grinder
  3525 | D:4      | Paralysed by Grinder for 3 turns
  3557 | D:4      | Killed Grinder
  3557 | D:4      | Reached * piety under Okawaru
  3557 | D:4      | Reached XP level 6. HP: 37/47 MP: 3/9
  4141 | D:4      | Reached ** piety under Okawaru
  4759 | D:5      | Entered Level 5 of the Dungeon
  4767 | D:5      | Your scales start taking on a pale cyan-grey colour.
  4767 | D:5      | Reached XP level 7. HP: 50/52 MP: 10/10
  4807 | D:5      | Reached skill level 5 in Transmutations
  5040 | D:5      | Noticed a two-headed ogre
  5057 | D:5      | Killed a two-headed ogre
  5057 | D:5      | Reached *** piety under Okawaru
  5057 | D:5      | Reached XP level 8. HP: 29/59 MP: 8/12
  6005 | D:6      | Found Uloum's Jewellery Shop.
  6013 | D:6      | Bought an uncursed ring of poison resistance for 280 gold
                  | pieces
  6164 | D:6      | Reached skill level 5 in Dodging
  6219 | D:6      | Slain by an iguana

Skill      XL: |  1  2  3  4  5  6  7  8 |
---------------+-------------------------+-----
Unarmed Combat | 4 5 6 |  6.0
Transmutations | 3 4 6 |  6.4
Invocations    | 2 3 6 |  6.9
Dodging        | 4 5 |  5.0
Fighting       | |  1.1
Spellcasting   | |  2.0

Action                   |  1- 3 |  4- 6 |  7- 9 || total
-------------------------+-------+-------+-------++-------
Melee: Unarmed           |   159 |   210 |   160 ||   529
       Tailslap          |    17 |    16 |    15 ||    48
       Headbutt          |     5 |     2 |       ||     7
       Kick              |     1 |    11 |       ||    12
       Punch             |     1 |     3 |     2 ||     6
 Cast: Beastly Appendage |     7 |     6 |       ||    13
       Sticks to Snakes  |     2 |     7 |       ||     9
Invok: Heroism           |       |     1 |     4 ||     5
 Abil: Breathe Steam     |       |       |     9 ||     9
  Use: Potion            |       |     4 |     1 ||     5
       Scroll            |       |     9 |       ||     9
 Stab: Sleeping          |       |     2 |     2 ||     4
  Eat: Chunk             |     2 |    10 |     7 ||    19
Armor: Skin              |    43 |    70 |    29 ||   142
Dodge: Dodged            |   108 |   129 |    70 ||   307
